AoeStats
← Queko

Nomad

509261167Analyzed
2v2 RM · 7d ago on Sep 26, 2026· 34m 18s· 4 players
Game mode
Random Map
Map size
176×176
Population
200
Speed
Normal
Resources
Standard
Victory
Conquest
Starting age
Dark Age
Ending age
Imperial Age
RankedLock teamsTeams togetherTeam positionsShared explorationLock speedFull tech treeHidden civsTurbo modeCheats
Victory
Defeat
🇦🇷 Romans · Argentina
967
+13
🇦🇷 Lithuanians · Argentina
842
+19
🇨🇱 Franks · Chile
901
-16
🇨🇱 Hindustanis · Chile
901
-16
DarthCerna
12:53 Loom
15:03 Feudal Age
28:23 Castle Age
27:14 Forging
29:28 Bloodlines
Kiroshy0001
3:05 Loom
16:57 Feudal Age
27:38 Man-at-Arms
Queko
10:27 Loom
15:35 Feudal Age
23:44 Castle Age
22:18 Horse Collar
22:31 Gold Mining
22:36 Double-Bit Axe
22:55 Stone Mining
33:12 Heavy Plow
34:33 Wheelbarrow
Trazo :D
14:26 Feudal Age
13:01 Loom
14:53 Man-at-Arms
15:57 Scale Mail Armor
16:07 Forging
17:17 Double-Bit Axe
20:20 Wheelbarrow
19:32 Fishing Lines
19:50 Horse Collar
28:11 Castle Age
26:44 Gold Mining
26:46 Stone Mining
28:14 Long Swordsman
28:26 Long Swordsman
29:10 Squires
29:41 Chain Mail Armor
30:44 Iron Casting
30:57 Heavy Plow
Connection lost

Rejoining the realm…

Still unreachable

The connection could not be restored.

Session expired

The server has moved on; the page needs a fresh start.